 Dungeon Crawl Stone Soup version 0.19-a0-291-ga637243 (webtiles) character file.

81 Lathuz the Shield-Bearer (level 4, 0/28 HPs)
             Began as a Gargoyle Fighter on May 27, 2016.
             Slain by a ball python (1 damage)
             ... on level 3 of the Dungeon.
             The game lasted 00:02:40 (1782 turns).

Lathuz the Shield-Bearer (Gargoyle Fighter)         Turns: 1782, Time: 00:02:41

Health: 0/28       AC: 10    Str: 19    XL:     4   Next: 40%
Magic:  4/4        EV:  4    Int:  9    God:
Gold:   71         SH:  9    Dex: 10    Spells: 0 memorised, 3 levels left

rFire  . . .     SeeInvis .     a - +0 flail
rCold  . . .     Gourm    .     b - +0 scale mail
rNeg   + . .     Faith    .     c - +0 shield
rPois  ∞         Spirit   .     (no helmet)
rElec  +         Dismiss  .     (no cloak)
rCorr  .         Reflect  .     (no gloves)
SustAt .         Harm     .     (no boots)
MR     .....                    (no amulet)
Stlth  ..........               (no ring)
                                (no ring)

@: slowed, constricted, very slow, not resistant to hostile enchantments,
extremely unstealthy
A: negative energy resistance 1, electricity resistance, unbreathing,
petrification resistance, rot immunity, AC +3
a: no special abilities


You were on level 3 of the Dungeon.
You were hungry.

You visited 1 branch of the dungeon, and saw 3 of its levels.

You collected 71 gold pieces.

Inventory:

Hand Weapons
 a - a +0 flail (weapon)
Missiles
 h - 126 stones (quivered)
Armour
 b - a +0 scale mail (worn)
 c - a +0 shield (worn)
Wands
 p - a wand of confusion (21/48)
Scrolls
 g - 2 scrolls of teleportation {unknown}
 k - a scroll of blinking {unknown}
 m - a scroll of remove curse {unknown}
 o - a scroll of identify {unknown}
Potions
 d - a potion of might
 e - a potion of flight {unknown}
 i - a potion of haste
 j - a potion of cure mutation {unknown}
 l - a potion of degeneration {unknown}
Comestibles
 f - 2 bread rations
 n - 10 fruits


   Skills:
 - Level 3.2 Fighting
 * Level 3.9 Maces & Flails
 - Level 3.2 Armour
 + Level 4.1 Shields


You had 3 spell levels left.
You didn't know any spells.

Dungeon Overview and Level Annotations

Branches:
Dungeon (3/15)

Altars:
Nemelex Xobeh
Sif Muna
Trog
The Shining One


Innate Abilities, Weirdness & Mutations

You are resistant to torment.
Your stone body is resilient (AC +3).
You are immune to poison.
You resist negative energy. (rN+)
You are resistant to electric shocks. (rElec)
You can survive without breathing.
You are immune to petrification.
You are immune to rotting.


Message History

Pain shoots through your body!
Ouch! That really hurt!
* * * LOW HITPOINT WARNING * * *
The ball python bites you but does no damage.
The ball python constricts you. You block Jessica's attack.
The ball python completely misses you. The ball python constricts you.
You closely miss Jessica. Jessica hits you but does no damage.
You block the ball python's attack. The ball python constricts you.
Jessica casts a spell at you.
You feel yourself slow down.
You thump Jessica!
You kill Jessica!
You have reached level 4!
You feel clever.
The ball python bites you but does no damage.
The ball python constricts you.
The ball python bites you but does no damage.
The ball python constricts you. The ball python bites you.
* * * LOW HITPOINT WARNING * * *
You die...

## .. ## . #.# ## ..
#. ##.#. ###....###
#.# .(....[@.# #.#
..###.S#.## #.# #
#...#..# #.# #
...#..#.#### #.# #
..####.......###.# # .
............##.#######
####..................
###########.#######
#.# #


You could see a ball python.

Vanquished Creatures
  Jessica (D:3)
  2 adders (D:2)
  An ooze (D:2)
  A worm (D:2)
  A giant gecko (D:2)
  3 giant cockroaches
  5 hobgoblins
  A quokka (D:2)
  2 bats
  2 giant newts (D:1)
  3 goblins
  5 kobolds
  A rat (D:3)
28 creatures vanquished.

Notes
Turn   | Place    | Note
--------------------------------------------------------------
     0 | D:1      | Lathuz the Gargoyle Fighter began the quest for the Orb.
     0 | D:1      | Reached XP level 1. HP: 14/14 MP: 1/1
   197 | D:1      | Found a glowing golden altar of the Shining One.
   684 | D:1      | Reached XP level 2. HP: 19/19 MP: 2/2
   734 | D:1      | You fall through a shaft!
   773 | D:1      | Reached XP level 3. HP: 23/23 MP: 3/3
  1038 | D:2      | Found a bloodstained altar of Trog.
  1042 | D:2      | Found a sparkling altar of Nemelex Xobeh.
  1492 | D:2      | Reached skill level 4 in Shields
  1551 | D:2      | Found a deep blue altar of Sif Muna.
  1775 | D:3      | Noticed Jessica
  1782 | D:3      | Killed Jessica
  1782 | D:3      | Reached XP level 4. HP: 3/28 MP: 4/4
  1782 | D:3      | HP: 1/28 [ball python (2)]
  1782 | D:3      | Slain by a ball python

Vault maps used:
D:1:      dpeg_arrival_circle_labyrinth_a, tso_metal_star
D:2:      lemuel_blue_sif_altar, lemuel_round_altar, lemuel_statue_altar
D:3:      uniq_jessica

Skill      XL: |  1  2  3 |
---------------+----------+-----
Maces & Flails | 3 |  3.9
Shields        | 4 |  4.1
Fighting       | |  3.2
Armour         | |  3.2

Action                   |  1- 3 |  4- 6 || total
-------------------------+-------+-------++-------
Melee: Flail             |   102 |       ||   102
  Eat: Chunk             |     2 |       ||     2
Armor: Scale mail        |    48 |     2 ||    50
Dodge: Dodged            |    31 |       ||    31
Block: Shield            |    48 |       ||    48
